Unix NetHack Version 5.0.0-0 post-release - last build Jun 10 2026 00:39:30 (3ee93aec679c4c4259841fe613dc97188e26a321,branch:main).

Game began 2026-06-14 13:14:37, ended 2026-06-14 13:43:15.

DiePARTEI, neutral female human Tourist

                       ------------
                       |...........
                       |..........|
     --------          |...........#       ------
     |).<_..|          |..........|#      0|....|
     |.......#         |...........# ######.....|
     |......|#         ------.-----###    #|....|                  -----------
     |..[...|#              ##       #    #------                 #-.{.....).|
     |......|##             #        #    #                     ###|.%....{>.|
     |...[..| ##            #        #    # #                   |  |.)....(..|
     --------  ##   --------|--      #    ####       ----.--    |  -----------
                ##  |.........|      #      #####    |.....|   &#
                 ## |.........|      #-------|--[    |%.....####
                  ##|.........|      #|..%..{..|#    |.....|
                   #|.........|      #|........|#####-.....|
                   #..........|      #|........|     |.....|
                    ---------.-      #.........|     -------
                                      |........|
                                      ----------

DiePARTEI the Excursionist  St:14 Dx:14 Co:16 In:11 Wi:10 Ch:14  Neutral
Dlvl:5  $:584 HP:0(54) Pw:27(27) AC:7  Xp:6 T:3479  Burdened

Latest messages:
 Time stands still while you and the incubus lie in each other's arms...
 You seem to have enjoyed it more than the incubus...
 You feel restored to health!
 The incubus demands that you pay him, but you refuse...
 The incubus vanishes!
 The water demon hits!
 The water demon misses!
 The water demon bites!
 The water demon hits!
 The water demon misses!
 The water demon bites!
 The water demon hits!
 The water demon hits!
 The water demon just misses!
 What do you want to use or apply? [lFHP or ?*] P
 Improvise? [ynq] (q) y
 You start playing your horn.
 In what direction? 8
 A bolt of fire blasts out of the horn!
 The bolt of fire misses the water demon.
 You kill it!
 You hear the rumble of distant thunder...
 The bolt of fire hits the water demon.
 The bolt of fire hits you!
 Your shirt smoulders!
 The water demon hits!
 The water demon hits!
 The water demon bites!
 The water demon hits!
 The water demon hits!
 The water demon bites!
 What do you want to use or apply? [lFHP or ?*] P
 Improvise? [ynq] (q) q
 Never mind.
 What do you want to use or apply? [lFHP or ?*] P
 Improvise? [ynq] (q) y
 You start playing your fire horn.
 In what direction? 8
 A bolt of fire blasts out of the horn!
 The bolt of fire hits the water demon.
 You see a puff of smoke.
 The bolt of fire misses the water demon.
 The bolt of fire hits you!
 Your shirt smoulders further!
 You die...
 Do you want your possessions identified? [ynq] (y) y
 Do you want to see your attributes? [ynq] (y) y
 Do you want an account of creatures vanquished? [ynaq] (y) y
 Do you want to see your conduct and achievements? [ynq] (y) y
 Do you want to see the dungeon overview? [ynq] (y) y

Inventory:
 Coins    ('$')
  $ - 584 gold pieces
 Amulets  ('"')
  L - an uncursed amulet versus poison (being worn)
 Weapons  (')')
  a - 49 blessed +2 darts (at the ready)
  s - 48 +0 darts
  K - a poisoned +0 dart
 Armor    ('[')
  u - a blessed +0 orcish helm (being worn)
  y - a blessed +0 pair of iron shoes (being worn)
  t - an uncursed +0 shield of shock resistance
  B - an uncursed +0 small shield
  q - a cursed -1 cloak of magic resistance
  p - an uncursed +2 robe
  k - an uncursed very burnt +0 Hawaiian shirt with a hibiscus flower motif (being worn)
  n - an uncursed +0 orcish ring mail
 Comestibles  ('%')
  c - 2 uncursed carrots
  d - 11 uncursed food rations
  f - 2 uncursed fortune cookies
  e - 3 uncursed tripe rations
  g - 2 uncursed eggs
 Scrolls  ('?')
  r - a blessed scroll of amnesia
  S - an uncursed scroll of amnesia
  T - an uncursed scroll of food detection
  j - an uncursed scroll of magic mapping
 Potions  ('!')
  A - an uncursed potion of gain energy
  R - an uncursed potion of gain level
  z - 2 uncursed potions of healing
  h - an uncursed potion of monster detection
  o - an uncursed diluted potion of sickness
  i - an uncursed potion of sleeping
  Y - an uncursed potion of water
 Tools    ('(')
  P - a fire horn (0:6)
  l - an expensive camera (0:29)
  F - a +0 pick-axe
  H - an uncursed skeleton key
 Gems/Stones  ('*')
  w - an uncursed obsidian stone
  W - 2 uncursed worthless pieces of black glass
  G - an uncursed worthless piece of blue glass
  C - an uncursed worthless piece of orange glass
  v - a cursed worthless piece of red glass
  x - an uncursed worthless piece of yellow glass
  X - an uncursed worthless piece of yellowish brown glass

DiePARTEI the Tourist's attributes:

Background:
 You were an Excursionist, a level 6 female human Tourist.
 You were neutral, on a mission for The Lady
 who was opposed by Blind Io (lawful) and Offler (chaotic).
 You were right-handed.
 You were in the Dungeons of Doom, on level 5.
 You entered the dungeon 3479 turns ago.
 There was a new moon in effect when your adventure ended.
 You had 589 experience points, 51 more were needed to attain level 7.

Basics:
 You had 0 out of 54 hit points.
 You had all 27 energy points (spell power).
 Your armor class was 7.
 Your wallet contained 584 zorkmids.
 Autopickup was off.

Final Characteristics:
 Your strength was 14 (limit:18/100).
 Your dexterity was 14 (limit:18).
 Your constitution was 16 (limit:18).
 Your intelligence was 11 (limit:18).
 Your wisdom was 10 (limit:18).
 Your charisma was 14 (limit:18).

Final Status:
 You weren't hungry.
 You were burdened; movement was slightly slowed.
 You were bare handed.
 You had basic skill with bare handed combat.

Final Attributes:
 You were aligned.
 You were poison resistant.
 You were telepathic.
 You were unlucky.
 You are dead.

Miscellaneous:
 You didn't encounter any bones levels.
 Total elapsed playing time was 28 minutes and 37 seconds.

Major events:
 Turn
    1: DiePARTEI the neutral female human Tourist entered the dungeon
  671: entered the Gnomish Mines
  679: attained the rank of Sightseer (level 3)
 1298: reached Mine Town
 1676: attained the rank of Excursionist (level 6)
 3479: killed by a bolt of fire played by herself

Spells:
 Name                 Level Category     Fail Retention
 healing                1   healing       70%  76%-100%
 cure sickness          3   healing      100%  76%-100%

Skills:
 Fighting Skills
   bare handed combat [Basic]
   two weapon combat  [Unskilled]
   riding             [Unskilled]
 Weapon Skills
   dagger             [Unskilled]
   knife              [Unskilled]
   axe                [Unskilled]
   pick-axe           [Unskilled]
   short sword        [Unskilled]
   broadsword         [Unskilled]
   long sword         [Unskilled]
   two-handed sword   [Unskilled]
   saber              [Unskilled]
   mace               [Unskilled]
   morning star       [Unskilled]
   flail              [Unskilled]
   hammer             [Unskilled]
   quarterstaff       [Unskilled]
   polearms           [Unskilled]
   spear              [Unskilled]
   trident            [Unskilled]
   lance              [Unskilled]
   bow                [Unskilled]
   sling              [Unskilled]
   crossbow           [Unskilled]
   dart               [Skilled]
   shuriken           [Unskilled]
   boomerang          [Unskilled]
   whip               [Unskilled]
   unicorn horn       [Unskilled]
 Spellcasting Skills
   divination spells  [Unskilled]
   enchantment spells [Unskilled]
   escape spells      [Unskilled]

Voluntary challenges:
 Character rerolling was not enabled.
 You never hit with a wielded weapon.
 You never genocided any monsters.
 You never polymorphed an object.
 You never changed form.
 You used no wishes.
Achievements:
 You entered the Gnomish Mines.
 You attained the rank of Sightseer.
 You entered Minetown.
 You attained the rank of Excursionist.

 The Dungeons of Doom: levels 1 to 5
    Level 1:
    Level 2:
       A fountain.
       Stairs down to The Gnomish Mines.
    Level 3:
    Level 4:
    Level 5: <- You were here.
       An altar, a fountain, some sinks.
       Final resting place for
          you, killed by a bolt of fire played by yourself.
 The Gnomish Mines: levels 3 to 6
    Level 3:
    Level 4:
    Level 5:
    Level 6:


Vanquished creatures:
  a gnome ruler
 an imp
  a rock piercer
  2 ponies
  2 gnome leaders
  a kobold mummy
 an elf zombie
  a giant ant
  a floating eye
  a kitten
  7 dwarves
  a homunculus
  4 rothes
  a rabid rat
  3 giant bats
  4 orc zombies
  a wererat
  a werejackal
  3 iguanas
  a gas spore
  3 hobbits
  2 hobgoblins
  a cave spider
  a brown mold
 14 gnomes
  4 garter snakes
  2 geckos
  3 kobolds
  2 goblins
  a sewer rat
  7 grid bugs
  2 bats
  4 lichens
  2 kobold zombies
  3 newts
89 creatures vanquished.

No species were genocided or became extinct.

Game over:
                       ----------
                      /          \
                     /    REST    \
                    /      IN      \
                   /     PEACE      \
                  /                  \
                  |    DiePARTEI     |
                  |      584 Au      |
                  | killed by a bolt |
                  |  of fire played  |
                  |    by herself    |
                  |                  |
                  |       2026       |
                 *|     *  *  *      | *
        _________)/\\_//(\/(/\)/\//\/|_)_______

Aloha DiePARTEI the Tourist...

You died in The Dungeons of Doom on dungeon level 5 with 2698 points,
and 584 pieces of gold, after 3479 moves.
You were level 6 with a maximum of 54 hit points when you died.

